 Dungeon Crawl Stone Soup version 0.30.1-10-g1249ef9ec4 (webtiles) character file.

Game seed: 9177576702714666516

13 lonewolfV2 the Trooper (level 2, 0/24 HPs)
             Began as a Demonspawn Fighter on Oct 26, 2023.
             Constricted to death by a ball python (1 damage)
             ... on level 1 of the Dungeon.
             The game lasted 00:00:49 (669 turns).

lonewolfV2 the Trooper (Demonspawn Fighter)          Turns: 669, Time: 00:00:50

Health: 0/24       AC:  6    Str: 16    XL:     2   Next: 24%
Magic:  2/2        EV:  6    Int:  9    God:
Gold:   33         SH:  4    Dex: 12    Spells: 1/1 levels left

rFire   . . .        a - +0 war axe
rCold   . . .        c - +0 buckler
rNeg    . . .        b - +0 scale mail
rPois   .            (no helmet)
rElec   .            (no cloak)
rCorr   .            (no gloves)
SInv    .            (no boots)
Will    .....        (no amulet) Stlth
                     (no ring)
HPRegen 0.24/turn    (no ring)
MPRegen 0.08/turn

%: no passive effects
@: constricted
A: demonic touch 1
a: no special abilities


You were on level 1 of the Dungeon.
You visited 1 branch of the dungeon, and saw 1 of its levels.

You collected 33 gold pieces.

Inventory:

Hand Weapons
 a - a +0 war axe (weapon)
Armour
 b - a +0 scale mail (worn)
 c - a +0 buckler (worn)
Scrolls
 e - 2 scrolls of identify {unknown}
Potions
 d - a potion of might
 f - a potion of lignification {unknown}


   Skills:
 - Level 3.0 Fighting
 - Level 1.7 Axes
 + Level 2.9 Armour
 * Level 1.3 Dodging
 - Level 2.6 Shields


You had one spell level left.
You didn't know any spells.
Your spell library was empty.

Dungeon Overview and Level Annotations

Branches:
Dungeon (1/15)

Altars:


Innate Abilities, Weirdness & Mutations

Your touch may inflict minor irresistible damage on your foes.


Message History

The ball python barely misses you. The ball python constricts you.
The ball python barely misses you. The ball python constricts you.
The ball python barely misses you. The ball python constricts you.
The ball python bites you but does no damage.
The ball python constricts you. The ball python barely misses you.
The ball python constricts you. The ball python closely misses you.
The ball python constricts you. You block the ball python's attack.
The ball python constricts you. The ball python closely misses you.
The ball python constricts you.
* * * LOW HITPOINT WARNING * * *
The ball python bites you.
* * * LOW HITPOINT WARNING * * *
The ball python constricts you.
The ball python bites you but does no damage.
The ball python constricts you. The ball python completely misses you.
The ball python constricts you. The ball python bites you.
* * * LOW HITPOINT WARNING * * *
The ball python constricts you. The ball python bites you.
* * * LOW HITPOINT WARNING * * *
The ball python constricts you. The ball python barely misses you.
The ball python constricts you. The ball python bites you.
* * * LOW HITPOINT WARNING * * *
The ball python constricts you. You block the ball python's attack.
The ball python constricts you. You block the ball python's attack.
The ball python constricts you.
The ball python bites you but does no damage.
The ball python constricts you.
The ball python bites you but does no damage.
The ball python constricts you. The ball python barely misses you.
The ball python constricts you. You block the ball python's attack.
The ball python constricts you. You block the ball python's attack.
The ball python constricts you.
* * * LOW HITPOINT WARNING * * *
The ball python closely misses you. The ball python constricts you.
* * * LOW HITPOINT WARNING * * *
The ball python bites you but does no damage.
The ball python constricts you.
You die...

+......######
#.........†.
#......##...#
#...........
#......##...#
#...........
#...#
#...........
#...#
####'###....
##...######.#
#....
#...........#
#####
#.###########
#.@S......
#########.


You could see a ball python.

Vanquished Creatures
  A ball python (D:1)
  A bat (D:1)
  An endoplasm (D:1)
  3 goblins (D:1)
  2 hobgoblins (D:1)
  A frilled lizard (D:1)
  A kobold (D:1)
  A rat (D:1)
11 creatures vanquished.

Notes
Turn   | Place    | Note
-------+----------+-------------------------------------------
     0 | D:1      | lonewolfV2 the Demonspawn Fighter began the quest for the
                  | Orb.
     0 | D:1      | Reached XP level 1. HP: 18/18 MP: 1/1
    81 | D:1      | Found a faded altar of an unknown god.
   381 | D:1      | Reached skill level 1 in Dodging
   515 | D:1      | Gained mutation: Your touch may inflict minor irresistible
                  | damage on your foes. [demonic ancestry]
   515 | D:1      | Reached XP level 2. HP: 21/24 MP: 2/2
   661 | D:1      | HP: 1/24 [ball python (1)]
   668 | D:1      | HP: 1/24 [constriction (1)]
   669 | D:1      | Constricted to death by a ball python

Illustrated notes

Levels and vault maps discovered:
D:1:      lightli_arrival_flooded_house, layout_basic,
          hellmonk_ecumenical_altar_run_dry

Skill      XL: |  1 |
---------------+----+-----
Dodging        | 1 |  1.3
Fighting       | |  3.0
Axes           | |  1.7
Armour         | |  2.9
Shields        | |  2.6

Action                     || total
---------------------------++-------
  Melee: War axe           ||    33
 Armour: Scale mail        ||    57
  Dodge: Dodged            ||    39
  Block: Buckler           ||    28
